AoeStats
← idk

Arabia

509565805Analyzed
2v2 RM · 7d ago on Sep 27, 2026· 18m 18s· 4 players
Game mode
Random Map
Map size
Medium (4 player)
Population
200
Speed
Normal
Resources
Standard
Victory
Conquest
Starting age
Dark Age
Ending age
Imperial Age
RankedLock teamsTeams togetherTeam positionsShared explorationLock speedFull tech treeHidden civsTurbo modeCheats
Victory
Defeat
🇲🇽 Wu · Mexico
1130
+15
🇲🇽 Magyars · Mexico
1106
+15
🇳🇿 Franks · New Zealand
1104
-15
🇳🇿 Huns · New Zealand
1104
-15
idk
5:49 Loom
7:46 Loom
9:56 Feudal Age
13:40 Fletching
WGBS Nabilraz
9:32 Feudal Age
16:58 Loom
alvarojas01
6:53 Loom
9:08 Feudal Age
9:17 Man-at-Arms
13:38 Fletching
14:01 Padded Archer Armor
18:24 Wheelbarrow
Mick_MartS
7:47 Loom
9:33 Feudal Age
8:40 Loom
11:02 Double-Bit Axe
Connection lost

Rejoining the realm…

Still unreachable

The connection could not be restored.

Session expired

The server has moved on; the page needs a fresh start.